 Dungeon Crawl Stone Soup version 0.22.0-2-ge58baed0e8 (webtiles) character file.

3010 Gorg the Cleaver (level 9, -3/82 HPs)
             Began as a Minotaur Berserker on Aug 12, 2018.
             Was an Elder of Trog.
             Killed by divine providence
             ... invoked by an orc priest
              (16 damage)
             ... on level 8 of the Dungeon.
             The game lasted 00:12:30 (8286 turns).

Gorg the Cleaver (Minotaur Berserker)               Turns: 8286, Time: 00:12:31

Health: -3/82      AC: 15    Str: 25    XL:     9   Next: 55%
Magic:  8/8        EV:  9    Int:  6    God:    Trog [****..]
Gold:   257        SH:  4    Dex: 10    Spells: 8/8 levels left

rFire    . . .     SeeInvis .   a - +0 hand axe
rCold    . . .     Gourm    .   B - +0 buckler
rNeg     . . .     Faith    .   k - +0 chain mail
rPois    .         Spirit   .   (helmet restricted)
rElec    .         Reflect  .   r - +0 cloak
rCorr    .         Harm     .   (no gloves)
MR       .....                  x - +2 pair of boots
Stlth    ..........             (no amulet)
HPRegen  0.23/turn              e - +2 ring of intelligence
MPRegen  0.11/turn              (no ring)

@: berserk cooldown, slowed, very slow
A: retaliatory headbutt, horns 2
a: Berserk, Trog's Hand, Brothers in Arms, Renounce Religion


You were on level 8 of the Dungeon.
You worshipped Trog.
Trog was greatly pleased with you.
You were hungry.

You visited 1 branch of the dungeon, and saw 8 of its levels.

You collected 257 gold pieces.

Inventory:

Hand Weapons
 a - a +0 hand axe (weapon)
Armour
 k - a +0 chain mail (worn)
 r - a +0 cloak (worn)
 x - a +2 pair of boots (worn)
 B - a +0 buckler (worn)
 C - a +0 shield
Jewellery
 e - a +2 ring of intelligence (left hand)
 w - an uncursed amulet of the acrobat {unknown}
Wands
 s - a wand of iceblast (12)
 y - a wand of polymorph (16)
Scrolls
 b - 3 scrolls of amnesia {unknown}
 d - 3 scrolls of remove curse {unknown}
 f - 4 scrolls of identify {unknown}
 h - a scroll of fear {unknown}
 i - 2 scrolls of teleportation {unknown}
 j - a scroll of fog {unknown}
 l - a scroll of enchant weapon {unknown}
 n - a scroll of enchant armour {unknown}
 t - 3 scrolls of magic mapping {unknown}
Potions
 g - a potion of ambrosia {unknown}
 m - a potion of haste {unknown}
 o - a potion of lignification {unknown}
 p - a potion of might {unknown}
 q - 4 potions of degeneration {unknown}
 u - a potion of resistance {unknown}
 v - a potion of heal wounds {unknown}
 z - 2 potions of curing
 A - 2 potions of agility {unknown}
Comestibles
 c - 11 rations
 D - 8 chunks of flesh


   Skills:
 + Level 8.6 Fighting
 * Level 11.3 Axes
 + Level 8.1 Armour
 - Level 2.1 Dodging
 + Level 3.7 Shields


You had 8 spell levels left.
You didn't know any spells.
Your spell library was empty.

Dungeon Overview and Level Annotations

Branches:
Dungeon (8/15)             Temple (0/1) D:4
   Lair: D:8-11

Altars:
Ashenzari
Dithmenos
Hepliaklqana
Kikubaaqudgha
Ru
Uskayaw
Xom


Innate Abilities, Weirdness & Mutations

You reflexively headbutt those who attack you in melee.
You have a pair of horns on your head.


Message History

The orc priest barely misses you.
You slash the orc priest! Your headbutt misses the orc priest.
The orc priest is severely wounded.
You feel sick. The orc priest closely misses you.
You hit the orc priest but do no damage.
The orc priest is severely wounded.
You feel sick. The orc priest closely misses you.
You hit the orc priest.
The orc priest is almost dead.
The orc priest invokes the aid of Beogh against you.
Pain shoots through your body!
* * * LOW HITPOINT WARNING * * *
The hound bites you but does no damage.
The orc priest mumbles some strange prayers to Beogh against you.
You struggle to resist.
It was a potion of curing.
You feel better. The hound bites you but does no damage.
The orc priest mumbles some strange prayers to Beogh against you.
Beogh smites you!
You die...

... .. ... #.# ... .#
#.# #.# #.# #.# #.# #.#
#.# . ##.######.######.#
... #..............#.#
.....##)†...............
......o@h............#.#
.....####.####..........
#### #..# #..........
##.###..........
#.[##.......... #####
##.##.......... #...#
#.###.#.####.# #...#
#..##.#......# #[..#
##.##.########


You could see a hound and an orc priest.

Vanquished Creatures
  A two-headed ogre (D:8)
  A hippogriff (D:7)
  Prince Ribbit (D:8)
  Eustachio (D:4)
  Menkaure (D:4)
  Duvessa (D:6)
  An ice beast (D:5)
  2 ogres (D:4)
  Dowan (D:6)
  A bullfrog (D:8)
  2 scorpions
  3 killer bees (D:8)
  5 wights (D:7)
  3 crimson imps
  2 hounds
  An orc wizard (D:4)
  Crazy Yiuf (D:3)
  4 orc priests
  A centaur skeleton (D:8)
  A jelly (D:6)
  Ijyb (D:4)
  3 worker ants
  A killer bee zombie (D:5)
  A howler monkey skeleton (D:7)
  6 adders
  7 gnolls
  2 shadow imps (D:5)
  An ooze (D:3)
  An adder zombie (D:7)
  2 adder skeletons
  2 worms
  4 dart slugs
  8 leopard geckos
  24 orcs
  7 giant cockroaches
  11 goblins
  6 hobgoblins
  10 jackals
  2 quokkas
  A ball python (D:4)
  7 bats
  3 frilled lizards
  A jackal zombie (D:6)
  13 kobolds
  8 rats
166 creatures vanquished.

Vanquished Creatures (others)
  An adder (D:5)
  3 orcs
  A giant cockroach (D:5)
  2 quokkas
  8 plants (D:4)
15 creatures vanquished.

Grand Total: 181 creatures vanquished

Notes
Turn   | Place    | Note
-------+----------+-------------------------------------------
     0 | D:1      | Gorg the Minotaur Berserker began the quest for the Orb.
     0 | D:1      | Reached XP level 1. HP: 19/19 MP: 0/0
    95 | D:1      | Reached skill level 4 in Axes
    95 | D:1      | Reached XP level 2. HP: 10/27 MP: 1/1
   733 | D:1      | Reached XP level 3. HP: 21/33 MP: 2/2
  1460 | D:2      | Reached ** piety under Trog
  1480 | D:2      | Reached XP level 4. HP: 24/41 MP: 3/3
  1620 | D:2      | Reached skill level 5 in Axes
  2211 | D:2      | Found a shadowy altar of Dithmenos.
  2212 | D:2      | Found a sacrificial altar of Ru.
  2572 | D:3      | Found a hide-covered altar of Uskayaw.
  2640 | D:3      | Reached XP level 5. HP: 47/47 MP: 4/4
  2650 | D:3      | Reached *** piety under Trog
  3085 | D:3      | Found a runed door.
  3189 | D:3      | Noticed Crazy Yiuf
  3195 | D:3      | Killed Crazy Yiuf
  3313 | D:4      | Noticed Menkaure
  3320 | D:4      | Killed Menkaure
  3320 | D:4      | Reached skill level 5 in Fighting
  3320 | D:4      | Reached skill level 6 in Axes
  3320 | D:4      | Reached XP level 6. HP: 22/56 MP: 5/5
  3549 | D:4      | Noticed Ijyb
  3556 | D:4      | Killed Ijyb
  3831 | D:4      | Noticed Eustachio
  3833 | D:4      | Reached skill level 7 in Axes
  3872 | D:4      | Killed Eustachio
  3872 | D:4      | Reached skill level 5 in Armour
  3872 | D:4      | Reached XP level 7. HP: 49/62 MP: 6/6
  3977 | D:4      | Found a staircase to the Ecumenical Temple.
  4017 | D:4      | Reached skill level 8 in Axes
  4368 | D:4      | Found a sacrificial altar of Ru.
  4864 | D:5      | Entered Level 5 of the Dungeon
  5330 | D:5      | Found a shimmering altar of Xom.
  5436 | D:5      | Reached XP level 8. HP: 66/71 MP: 7/7
  5706 | D:5      | Reached **** piety under Trog
  5990 | D:5      | Reached skill level 9 in Axes
  6186 | D:5      | Found a hazy altar of Hepliaklqana.
  6416 | D:6      | Found an ancient bone altar of Kikubaaqudgha.
  6515 | D:6      | Noticed Dowan
  6516 | D:6      | Noticed Duvessa
  6526 | D:6      | Killed Duvessa
  6531 | D:6      | Killed Dowan
  6554 | D:6      | Found a shattered altar of Ashenzari.
  7235 | D:7      | Reached skill level 10 in Axes
  7841 | D:7      | Noticed a hippogriff
  7852 | D:7      | Killed a hippogriff
  7852 | D:7      | Reached skill level 1 in Shields
  7949 | D:8      | Noticed a two-headed ogre
  7957 | D:8      | Killed a two-headed ogre
  7957 | D:8      | Reached XP level 9. HP: 65/81 MP: 8/8
  8190 | D:8      | Reached skill level 11 in Axes
  8246 | D:8      | Noticed Prince Ribbit
  8279 | D:8      | Killed Prince Ribbit
  8285 | D:8      | HP: 3/82 [orc priest/nerve-wracking pain (11)]
  8286 | D:8      | Killed from afar by an orc priest

Skill      XL: |  1  2  3  4  5  6  7  8  9 |
---------------+----------------------------+-----
Axes           | 4 5 6 7 8 10 11 | 11.3
Fighting       | 4 5 6 8 |  8.6
Armour         | 3 4 5 6 7 8 |  8.1
Shields        | 3 |  3.7
Dodging        | |  2.1

Action                   |  1- 3 |  4- 6 |  7- 9 || total
-------------------------+-------+-------+-------++-------
Melee: Hand axe          |    75 |   148 |   238 ||   461
       Headbutt          |    11 |    25 |    42 ||    78
Invok: Berserk           |       |     4 |     2 ||     6
  Use: Potion            |       |       |     1 ||     1
  Eat: Chunk             |     2 |     7 |    12 ||    21
       Ration            |       |     1 |     1 ||     2
Armor: Animal skin       |     9 |     4 |       ||    13
       Chain mail        |       |   128 |   125 ||   253
Dodge: Dodged            |    49 |   109 |    91 ||   249
Block: Buckler           |       |       |    14 ||    14
